 Dungeon Crawl Stone Soup version 0.18.1-48-g4cf74bf (webtiles) character file.

2468 MaCx the Skirmisher (level 9, -12/55 HPs)
             Began as a Gargoyle Wizard on Sept 2, 2016.
             Was a Follower of Vehumet.
             Killed from afar by a gargoyle (23 damage)
             ... with a stone arrow
             ... on level 7 of the Dungeon.
             The game lasted 00:59:42 (12225 turns).

MaCx the Skirmisher (Gargoyle Wizard)              Turns: 12225, Time: 00:59:43

Health: -12/55     AC: 11    Str: 12    XL:     9   Next: 51%
Magic:  15/16      EV: 12    Int: 21    God:    Vehumet [*.....]
Gold:   332        SH:  0    Dex:  8    Spells: 5 memorised, 7 levels left

rFire  . . .     SeeInvis .     a - +4 quarterstaff (chaos)
rCold  . . .     Gourm    .     y - +0 robe
rNeg   + . .     Faith    .     (shield currently unavailable)
rPois  ∞         Spirit   .     x - +1 hat
rElec  +         Dismiss  .     o - +0 cloak
rCorr  .         Reflect  .     i - +0 pair of gloves
SustAt .         Harm     .     g - +0 pair of boots
MR     .....                    (no amulet)
Stlth  ++........               (no ring)
                                (no ring)

@: not resistant to hostile enchantments, unstealthy
A: negative energy resistance 1, electricity resistance, unbreathing,
petrification resistance, rot immunity, AC +5
a: Renounce Religion


You were on level 7 of the Dungeon.
You worshipped Vehumet.
Vehumet was aware of your devotion.
You were not hungry.

You visited 2 branches of the dungeon, and saw 9 of its levels.
You also visited: Ossuary.

You collected 332 gold pieces.

Inventory:

Hand Weapons
 a - a +4 quarterstaff of chaos (weapon)
 b - a +2 dagger of venom
Armour
 g - a +0 pair of boots (worn)
 i - a +0 pair of gloves (worn)
 o - a +0 cloak (worn)
 x - a +1 hat (worn)
 y - a +0 robe (worn)
Wands
 e - a wand of paralysis (12/24)
Scrolls
 h - 7 scrolls of identify
 j - a scroll of noise {unknown}
 l - 2 scrolls of amnesia {unknown}
 m - a scroll of magic mapping {unknown}
 p - 2 scrolls of fear {unknown}
 B - a scroll of teleportation {unknown}
 C - a scroll of enchant weapon {unknown}
Potions
 d - a potion of flight {unknown}
 f - 2 potions of brilliance {unknown}
 k - a potion of agility {unknown}
 q - a potion of degeneration {unknown}
 r - 2 potions of heal wounds {unknown}
 s - 3 potions of resistance
 t - 4 potions of curing {unknown}
 u - 2 potions of might {unknown}
 w - a potion of lignification {unknown}
Books
 c - a book of Minor Magic

   Spells                             Type                      Level
   a - Magic Dart                     Conjuration                  1
   b - Blink                          Translocation                2
   c - Call Imp                       Summoning                    2
   d - Repel Missiles                 Charms/Air                   2
   e - Slow                           Hexes                        2
   f - Conjure Flame                  Conjuration/Fire             3
   g - Mephitic Cloud                 Conjuration/Poison/Air       3
 v - a book of Misfortune

   Spells                             Type                      Level
   a - Confusing Touch                Hexes                        2
   b - Confuse                        Hexes                        3
   c - Gell's Gravitas                Hexes/Translocation          3
   d - Petrify                        Transmutation/Earth          4
   e - Metabolic Englaciation         Hexes/Ice                    5
   f - Yara's Violent Unravelling     Hexes/Transmutation          5
Comestibles
 n - 2 bread rations
 z - a royal jelly
 A - 2 chunks of flesh


   Skills:
 - Level 6.0 Fighting
 * Level 2.4 Staves
 - Level 0.7 Armour
 + Level 2.4 Dodging
 - Level 2.1 Stealth
 - Level 5.0 Spellcasting
 - Level 5.0 Conjurations
   Level 0.8 Summonings
 - Level 0.8 Translocations
 + Level 5.8 Fire Magic
 + Level 4.7 Air Magic


You had 7 spell levels left.
You knew the following spells:

 Your Spells              Type           Power        Failure   Level  Hunger
a - Magic Dart            Conj           ####         1%          1    None
b - Conjure Flame         Conj/Fire      ####....     3%          3    ##.....
c - Mephitic Cloud        Conj/Pois/Air  ###.....     10%         3    ##.....
d - Repel Missiles        Chrm/Air       ###...       8%          2    None
e - Blink                 Tloc           N/A          12%         2    None


Dungeon Overview and Level Annotations

Branches:
Dungeon (8/15)             Temple (1/1) D:5
   Lair: D:8-11

Altars:
Ashenzari
Cheibriados
Dithmenos
Elyvilon
Fedhas
Gozag
Kikubaaqudgha
Makhleb
Nemelex Xobeh
Okawaru
Pakellas
Ru
Sif Muna
Trog
Vehumet
Xom
Yredelemnul
Zin
The Shining One

Annotations:
D:3 Grinder
D:5 Sigmund
D:7 Schimscham's ghost, novice MiFi


Innate Abilities, Weirdness & Mutations

You are resistant to torment.
Your stone body is resilient (AC +5).
You are immune to poison.
You resist negative energy.
You are resistant to electric shocks.
You can survive without breathing.
You are immune to petrification.
You are immune to rotting.


Message History

Confirm with . or Enter, or press ? or * to list all spells.
Aiming: Conjure Flame
Press: ? - help, Dir - move target cursor You can't see that place. [the floor.] Sorry, you can't target what you can't see.
Okay, then.
Casting: Conjure Flame
Confirm with . or Enter, or press ? or * to list all spells.
Aiming: Conjure Flame
Press: ? - help, Dir - move target cursor The fire roars!
There is a stone staircase leading down here.
You start resting.
The gargoyle hurls a stone arrow at you.
The stone arrow hits you!
* * * LOW HITPOINT WARNING * * *
The gargoyle hurls a stone arrow at you.
The stone arrow hits you!
You die...

##################
............>..9.#
######.#########.#
#.# #.# #.# #.# #.#
#@# #.# #.# #.#
#.######
##.#########......##
#....PP...##.##.≈≈P#
#...P≈≈≈.....#..≈≈≈#
#..#P≈≈P..###PP≈PP.#
#..#.♣≈.#.###PP≈P.≈#
#..#.P≈≈.....P≈♣P≈##


You could see a gargoyle.

Vanquished Creatures
  2 black bears (D:6)
  A sky beast (D:8)
  An orc warrior (D:6)
  An ice beast (D:7)
  4 ogres
  4 centaurs
  Blork the orc (D:5)
  4 giant frogs (D:6)
  A scorpion (D:4)
  5 crimson imps
  3 centaur zombies
  A hound (D:5)
  A giant frog skeleton (D:6)
  A gnoll shaman (D:5)
  2 orc wizards
  Crazy Yiuf (D:6)
  2 orc priests (D:7)
  2 iguanas
  5 worker ants
  A worker ant zombie (D:6)
  7 gnolls
  10 adders
  A shadow imp (D:5)
  2 adder skeletons
  An adder zombie (D:6)
  7 worms
  2 dart slugs
  5 giant geckos
  14 orcs
  5 ball pythons
  16 goblins
  10 hobgoblins
  6 jackals
  15 kobolds
  5 quokkas
  7 bats
  A giant gecko skeleton (D:6)
  A giant gecko zombie (D:7)
  6 giant newts
  A goblin zombie (Ossuary)
  9 rats
174 creatures vanquished.

Notes
Turn   | Place    | Note
--------------------------------------------------------------
     0 | D:1      | MaCx the Gargoyle Wizard began the quest for the Orb.
     0 | D:1      | Reached XP level 1. HP: 10/10 MP: 4/4
   669 | D:1      | Reached XP level 2. HP: 15/15 MP: 3/6
  1758 | D:1      | Reached XP level 3. HP: 19/19 MP: 4/8
  2201 | D:1      | Learned a level 3 spell: Conjure Flame
  2205 | D:1      | Learned a level 3 spell: Mephitic Cloud
  2208 | D:1      | Learned a level 2 spell: Repel Missiles
  2678 | D:2      | Found a white marble altar of Elyvilon.
  2756 | D:2      | Reached XP level 4. HP: 24/24 MP: 3/9
  4022 | D:3      | Reached XP level 5. HP: 28/28 MP: 4/11
  4911 | D:3      | Noticed Grinder
  5291 | D:4      | Reached XP level 6. HP: 28/32 MP: 1/13
  5662 | D:4      | Reached skill level 5 in Conjurations
  5800 | D:4      | Found an iron altar of Okawaru.
  5924 | D:4      | Found a burning altar of Makhleb.
  5946 | D:4      | Reached skill level 1 in Fighting
  5946 | D:4      | Reached skill level 5 in Spellcasting
  6152 | D:4      | Reached skill level 1 in Fire Magic
  6348 | D:5      | Entered Level 5 of the Dungeon
  6370 | D:5      | Reached skill level 1 in Air Magic
  6462 | D:5      | Found a staircase to the Ecumenical Temple.
  6470 | Temple   | Entered the Ecumenical Temple
  6614 | D:5      | Reached XP level 7. HP: 33/38 MP: 5/14
  6671 | D:5      | Found a sand-covered staircase.
  6676 | Ossuary  | Entered an ossuary
  7166 | D:5      | Reached skill level 2 in Fighting
  7775 | D:5      | Found a shadowy altar of Dithmenos.
  7863 | D:5      | Found a radiant altar of Vehumet.
  7869 | D:5      | Became a worshipper of Vehumet
  7894 | D:5      | Reached skill level 3 in Fighting
  8177 | D:5      | Reached XP level 8. HP: 46/46 MP: 4/15
  8459 | Temple   | Reached skill level 4 in Fighting
  8621 | D:5      | Noticed Blork the orc
  8645 | D:5      | Killed Blork the orc
  8758 | D:5      | Noticed Sigmund
  9340 | D:6      | Reached skill level 5 in Fighting
  9717 | D:6      | Reached skill level 5 in Fire Magic
  9717 | D:6      | Reached XP level 9. HP: 54/54 MP: 11/16
 10100 | D:6      | Noticed Crazy Yiuf
 10124 | D:6      | Killed Crazy Yiuf
 10296 | D:6      | Learned a level 2 spell: Blink
 10445 | D:6      | Reached skill level 6 in Fighting
 10750 | D:6      | Found an ancient bone altar of Kikubaaqudgha.
 10751 | D:6      | Found a shattered altar of Ashenzari.
 10771 | D:6      | Reached skill level 1 in Staves
 11283 | D:7      | Found an opulent altar of Gozag.
 11325 | D:7      | Noticed Schimscham's ghost (novice MiFi)
 11621 | D:7      | Reached * piety under Vehumet
 11621 | D:7      | Offered knowledge of Flame Tongue by Vehumet.
 12170 | D:7      | Noticed a gargoyle
 12225 | D:7      | Killed from afar by a gargoyle

Skill      XL: |  1  2  3  4  5  6  7  8  9 |
---------------+----------------------------+-----
Conjurations   | 2 3 4 5 |  5.0
Spellcasting   | 4 5 |  5.0
Fighting       | 1 3 5 6 |  6.0
Fire Magic     | 1 3 5 |  5.8
Air Magic      | 1 2 4 |  4.7
Staves         | 2 |  2.4
Dodging        | 2 |  2.4
Armour         | |  0.7
Stealth        | |  2.1
Summonings     | |  0.8
Translocations | |  0.8

Action                   |  1- 3 |  4- 6 |  7- 9 || total
-------------------------+-------+-------+-------++-------
Melee: Unarmed           |    20 |    16 |       ||    36
       Whip              |       |     9 |       ||     9
       Dagger            |       |    43 |    47 ||    90
       Quarterstaff      |       |       |     6 ||     6
Throw: Tomahawk          |       |       |     1 ||     1
 Cast: Magic Dart        |    95 |   201 |   336 ||   632
       Conjure Flame     |     2 |       |    12 ||    14
       Mephitic Cloud    |       |     2 |    14 ||    16
  Use: Scroll            |       |     9 |     1 ||    10
  Eat: Chunk             |     3 |     9 |    11 ||    23
       Bread ration      |     1 |       |       ||     1
       Meat ration       |       |       |     2 ||     2
Armor: Robe              |    16 |    44 |    87 ||   147
Dodge: Dodged            |    24 |    50 |   103 ||   177
